Map: Catalyst LE

Players

eonblu

  • Race: Zerg Zerg
  • Spawn Location: 5:00

InZaNe - Winner!

  • Race: Terran Terran
  • Spawn Location: 11:00

Event: WCS Valencia 2018

VOD

Have the link to the VOD?

Description

Time

  • Played on: July 12, 2018, 7:40 a.m.
  • Length: 5:52

All games in this series

Show
View Real Time Build Order
Export as new Build Order

eonblu Zerg 

Build Orders: Pool First 

Get SALT Encoding   

  12  0:01  Drone  
  13  0:12  Overlord  
  13  0:18  Drone  
  14  0:31  Drone x2  
  16  0:40  Drone  
  17  0:46  Spawning Pool  
  17  0:48  Drone  
  17  1:06  Extractor  
  17  1:10  Hatchery  
  15  1:13  Drone  
  15  1:18  Drone  
  17  1:20  Drone  
  18  1:28  Drone  
  19  1:34  Queen  
  21  1:42  Overlord  
  21  1:49  Drone  
  22  2:01  Drone  
  23  2:10  Metabolic Boost  
  23  2:12  Queen  
  23  2:14  Drone  
  26  2:30  Drone x2  
  26  2:35  Drone  
  26  2:36  Drone  
  30  2:48  Drone x2  
  30  2:49  Overlord, Hatchery  
  31  2:57  Queen  
  33  3:05  Queen  
  35  3:08  Overlord  
  35  3:10  Drone  
  35  3:11  Drone  
  37  3:15  Drone x2  
  38  3:21  Drone x2  
  38  3:22  Drone  
  38  3:26  Extractor  
  40  3:31  Drone  
  40  3:33  Roach Warren  
  40  3:38  Zergling x6  
  40  3:40  Zergling x2  
  43  4:00  Overlord x2  
  42  4:19  Roach x7  
  42  4:20  Roach x3  
  62  4:35  Roach  
  62  4:37  Overlord x3  
  64  5:03  Zergling x2  
  64  5:04  Zergling x18  
  71  5:08  Ravager  
  71  5:10  Ravager x2  
  74  5:22  Zergling x2  
  74  5:23  Zergling x16  
  83  5:33  Zergling x2  
  83  5:34  Zergling x2  
Show
View Real Time Build Order
Export as new Build Order

InZaNe Terran - Winner!

Build Orders: Reaper Expand 

Get SALT Encoding   

  12  0:00  SCV  
  13  0:12  SCV  
  14  0:17  Supply Depot  
  14  0:24  SCV  
  15  0:38  SCV  
  15  0:40  Barracks  
  16  0:45  Refinery  
  16  0:50  SCV  
  17  1:03  SCV  
  18  1:15  SCV  
  19  1:28  Reaper  
  19  1:29  Orbital Command  
  20  1:40  Command Center  
  20  1:54  Supply Depot  
  20  1:56  SCV  
  20  2:00  Marine  
  22  2:11  SCV  
  23  2:18  Factory  
  23  2:23  Barracks Reactor, SCV  
  24  2:30  Refinery  
  24  2:35  SCV, Engineering Bay  
  25  2:47  SCV  
  26  2:52  Orbital Command  
  26  3:00  SCV  
  27  3:07  Starport  
  27  3:09  Hellion  
  27  3:10  Hellion  
  27  3:11  Barracks Tech Lab  
  27  3:12  SCV  
  32  3:21  SCV  
  32  3:24  SCV  
  34  3:32  Hellion x2  
  34  3:33  SCV  
  39  3:36  SCV  
  40  3:43  Supply Depot  
  40  3:44  Viking  
  40  3:45  SCV  
  40  3:48  SCV  
  44  3:53  Hellion  
  45  3:57  SCV  
  46  4:05  Hellion, SCV  
  46  4:06  Supply Depot  
  46  4:09  SCV  
  50  4:14  Medivac  
  50  4:15  Hellion  
  54  4:26  SCV x2  
  54  4:27  Hellion  
  58  4:32  Armory  
  58  4:35  Marine  
  58  4:37  Command Center  
  59  4:38  SCV x2  
  63  4:50  SCV x2  
  63  4:51  Liberator  
  67  4:54  Cyclone x2  
  67  4:57  Bunker  
  69  5:06  Supply Depot  
  69  5:08  SCV  
  69  5:09  SCV, Marauder  
  76  5:21  SCV x2  
  72  5:30  Marauder  
  72  5:33  SCV x2  
Tags
 
Add a new tag
Caveats
  • Supply blocks, unpowered buildings, or Contaminate may cause inaccurate times.
  • Supply counts are checked every 10 seconds.